 Dungeon Crawl Stone Soup version 0.30-a0-190-g22c9a3c0ff (webtiles) character file.

Game seed: 16102391611401827175

91 Morbidden the Shooter (level 4, 0/34 HPs)
             Began as a Formicid Hunter on Oct 4, 2022.
             Killed by divine providence
             ... invoked by an orc priest
              (14 damage)
             ... on level 2 of the Dungeon.
             The game lasted 00:02:02 (2274 turns).

Morbidden the Shooter (Formicid Hunter)             Turns: 2274, Time: 00:02:02

Health: 0/34       AC: 10    Str: 16    XL:     4   Next: 88%
Magic:  4/4        EV:  5    Int:  8    God:
Gold:   138        SH:  0    Dex: 19    Spells: 3/3 levels left

rFire   . . .      SeeInvis +    b - +1 dagger (vamp)
rCold   . . .      Faith    .    (no shield)
rNeg    . . .      Spirit   .    n - +0 plate armour
rPois   +          Reflect  .    (helmet unavailable)
rElec   .          Harm     .    (no cloak)
rCorr   .          Rampage  .    (no gloves)
Will    .....                    (no boots)
Stlth   ..........               (no amulet)
HPRegen 0.25/turn                o - ring of poison resistance
MPRegen 0.09/turn                (no ring)

@: no status effects
A: permanent stasis, dig shafts and tunnels, antennae 3, four strong arms
a: Dig, Shaft Self


You were on level 2 of the Dungeon.
You visited 1 branch of the dungeon, and saw 3 of its levels.

You collected 138 gold pieces.

Inventory:

Hand Weapons
 a - a +0 shortbow
 b - a +1 vampiric dagger (weapon)
Missiles
 j - 5 javelins
Armour
 n - a +0 plate armour (worn)
Jewellery
 o - a ring of poison resistance (left hand)
Scrolls
 c - a scroll of immolation
 e - a scroll of enchant armour {unknown}
 f - 2 scrolls of identify {unknown}
 g - a scroll of fog {unknown}
 h - 2 scrolls of enchant weapon {unknown}
 i - a scroll of torment {unknown}
 l - a scroll of magic mapping {unknown}
Potions
 d - 2 potions of degeneration {unknown}
 k - a potion of curing {unknown}
 m - a potion of ambrosia {unknown}
 p - a potion of attraction {unknown}


   Skills:
 * Level 2.5 Fighting
 * Level 1.0 Short Blades
 * Level 5.0 Ranged Weapons
 * Level 1.6 Armour
 * Level 2.1 Dodging
 + Level 1.2 Stealth


You had 3 spell levels left.
You didn't know any spells.
Your spell library contained the following spells:

 Spells                   Type           Power      Damage    Failure   Level
 Cigotuvi's Dreadful Rot  Necr/Pois/Air  0%         N/A       100%        2
 Poisonous Vapours        Pois/Air       0%         N/A       100%        2
 Yara's Violent Unravell  Hex/Tmut       0%         3d3       100%        5
 Enfeeble                 Hex            0%         N/A       100%        7


Dungeon Overview and Level Annotations

Branches:
Dungeon (3/15)

Altars:


Innate Abilities, Weirdness & Mutations

You cannot be hasted, slowed, berserked, paralysed or teleported.
You can dig through walls and to a lower floor.
You have a pair of large antennae on your head. (SInv)
Your four strong arms can wield two-handed weapons with a shield.


Message History

The orc priest is lightly wounded.
The orc priest calls down the wrath of Beogh upon you.
Beogh smites you!
You are too injured to fight recklessly!
You are too injured to fight recklessly!
You are too injured to fight recklessly!
You closely miss the orc priest.
The orc priest is lightly wounded.
The orc priest hits you but does no damage.
You barely miss the orc priest.
The orc priest is lightly wounded.
Unknown command.
You hit the orc priest but do no damage.
The orc priest is lightly wounded.
The orc priest hits you with a +0 mace.
You closely miss the orc priest.
The orc priest is lightly wounded.
The orc priest looks braver for a moment.
You hit the orc priest.
You feel better.
The orc priest is lightly wounded.
The orc priest barely misses you.
Unknown command.
You hit the orc priest but do no damage.
The orc priest is lightly wounded.
The orc priest barely misses you.
You hit the orc priest.
You feel better.
The orc priest is lightly wounded.
The orc priest hits you with a +0 mace.
Unknown command.
You barely miss the orc priest.
The orc priest is lightly wounded.
The orc priest hits you but does no damage.
You closely miss the orc priest.
The orc priest is lightly wounded.
The orc priest hits you but does no damage.
You barely miss the orc priest.
The orc priest is lightly wounded.
The orc priest invokes the aid of Beogh against you.
Beogh smites you!
You die...

#.......##.####.#.### #..#
#...#...............# #..#
####...#......#.###..### #..###
#......#....##.......# #..#..
#'##...#.............# ####.....
#..#.#...........##.## ##....##..
#†)#.............##.# ##..#####..
#..#######...#..)##.###..........
#..##....#.###.#@.......#######..
#..##....#.....o.##.###.# #..
8..8##..##.###.#.##.# #.#######..
.....)..#......#....# #.........#
.##..#..#.......##### #..########
######..#######.# #..# ....#....#
#.# #..### (...#....# #.# #....#
###'####†## #.# #....#


You could see an orc priest.

Vanquished Creatures
  A gnoll (D:2)
  2 adders (D:2)
  2 worms (D:2)
  2 orcs
  7 endoplasms
  4 giant cockroaches
  5 goblins
  6 hobgoblins
  2 quokkas (D:1)
  6 ball pythons
  5 bats
  3 frilled lizards (D:1)
  5 kobolds
  5 rats
55 creatures vanquished.

Vanquished Creatures (others)
  2 plants (D:1)
2 creatures vanquished.

Grand Total: 57 creatures vanquished

Notes
Turn   | Place    | Note
-------+----------+-------------------------------------------
     0 | D:1      | Morbidden the Formicid Hunter began the quest for the Orb.
     0 | D:1      | Reached XP level 1. HP: 16/16 MP: 1/1
    74 | D:1      | Reached XP level 2. HP: 22/22 MP: 2/2
   209 | D:1      | Reached skill level 1 in Armour
   302 | D:1      | Reached XP level 3. HP: 28/28 MP: 3/3
   311 | D:1      | Found a faded altar of an unknown god.
  1466 | D:2      | Reached XP level 4. HP: 29/34 MP: 4/4
  1859 | D:2      | Reached skill level 1 in Short Blades
  1869 | D:2      | Reached skill level 5 in Ranged Weapons
  2274 | D:2      | Killed from afar by an orc priest

Illustrated notes

Levels and vault maps discovered:
D:1:      dpeg_arrival_lava_temple_mockup, layout_loops_ring,
          hellmonk_ecumenical_altar_arch_garden, minmay_hedge_maze,
          columned_hall_lemuel, chequers_big_river, chequers_jeans
D:2:      minmay_chambers_of_twos, layout_basic
D:3:      layout_basic, mainiacjoe_overflow_surrounded_room,
          uniq_crazy_yiuf_cottage, uniq_jessica

Skill      XL: |  1  2  3  4 |
---------------+-------------+-----
Armour         | 1 |  1.6
Dodging        | 2 |  2.1
Short Blades   | 1 |  1.0
Ranged Weapons | 5 |  5.0
Fighting       | |  2.5
Stealth        | |  1.2

Action                   |  1- 3 |  4- 6 || total
-------------------------+-------+-------++-------
Melee: Dagger            |     1 |    26 ||    27
 Fire: Shortbow          |    89 |    29 ||   118
Armor: Leather armour    |     4 |       ||     4
       Plate armour      |     6 |    30 ||    36
Dodge: Dodged            |    13 |     8 ||    21

Table legend: (Time is in decaauts)
 A = Elapsed time spent in this place.
 B = Non-inter-level travel time spent in this place.
 C = Inter-level travel time spent in this place.
 D = Time resting spent in this place.
 E = Time spent auto-exploring this place.
 F = Levels seen in this place.
 G = Mean time per level.
                   A        B        C        D        E       F      G
               +--------+--------+--------+--------+--------+-----+--------+
         Total |   2340 |   2200 |    140 |    199 |   1628 |   3 |  780.0 |
       Dungeon |   2340 |   2200 |    140 |    199 |   1628 |   3 |  780.0 |
               +--------+--------+--------+--------+--------+-----+--------+

Top non-repeatable levels by time:
     D:2: 1194 daAuts
     D:1: 1033 daAuts
     D:3: 112 daAuts
